Map: Eternal Empire LE

Players

MaNa - Winner!

  • Race: Protoss Protoss
  • Spawn Location: 1:00

Denver

  • Race: Zerg Zerg
  • Spawn Location: 7:00

Event: IEM Katowice 2020

VOD

Have the link to the VOD?

Description

Time

  • Played on: Feb. 24, 2020, 6:13 a.m.
  • Length: 10:30

All games in this series

Show
View Real Time Build Order
Export as new Build Order

MaNa Protoss - Winner!

Build Orders: 1 Gate Expand, Oracle Opening, Archon Immortal, Archon Drop 

Get SALT Encoding   

  12  0:00  Probe  
  13  0:12  Probe  
  14  0:18  Pylon  
  14  0:24  Probe (Chrono Boost)  
  15  0:36  Probe (Chrono Boost)  
  16  0:43  Gateway  
  16  0:45  Probe (Chrono Boost)  
  17  0:51  Probe  
  17  0:52  Assimilator  
  18  1:03  Probe (Chrono Boost)  
  19  1:12  Probe (Chrono Boost)  
  20  1:25  Nexus  
  20  1:35  Cybernetics Core  
  20  1:39  Probe  
  21  1:45  Assimilator  
  21  1:51  Probe  
  22  1:56  Pylon  
  22  2:03  Probe  
  23  2:11  Adept (Chrono Boost)  
  23  2:15  Probe  
  26  2:19  Stargate  
  26  2:27  Probe  
  26  2:29  Warp Gate  
  27  2:36  Stalker (Chrono Boost)  
  27  2:38  Probe  
  27  2:39  Probe  
  31  2:50  Probe  
  32  2:51  Probe  
  33  3:02  Probe  
  33  3:04  Probe  
  38  3:05  Oracle (Chrono Boost)  
  38  3:14  Probe  
  38  3:16  Probe  
  38  3:19  Adept  
  42  3:24  Pylon  
  42  3:25  Gateway  
  42  3:26  Probe  
  43  3:28  Probe  
  44  3:38  Probe  
  44  3:40  Probe, Oracle (Chrono Boost)  
  49  3:50  Probe  
  49  3:52  Probe  
  49  3:54  Assimilator  
  51  3:57  Assimilator  
  51  4:02  Probe  
  52  4:03  Robotics Facility  
  52  4:04  Probe  
  53  4:14  Probe, Nexus  
  54  4:41  Twilight Council  
  54  4:42  Pylon  
  54  4:43  Pylon, Forge  
  54  4:56  Gateway  
  54  4:58  Gateway  
  57  5:00  Probe x2, Observer (Chrono Boost)  
  57  5:07  Sentry  
  57  5:08  Charge  
  57  5:09  Pylon  
  57  5:12  Probe x2  
  61  5:15  Protoss Ground Weapons Level 1 (Chrono Boost)  
  61  5:17  Zealot  
  61  5:20  Warp Prism (Chrono Boost)  
  63  5:23  Templar Archives  
  63  5:24  Probe x2  
  67  5:28  Probe  
  68  5:36  Probe x2, Pylon  
  68  5:40  Probe  
  71  5:47  Gateway  
  71  5:48  Probe x2, Gateway  
  73  5:53  Probe  
  74  6:00  Probe  
  74  6:01  Probe  
  76  6:05  Probe  
  76  6:07  High Templar x4  
  85  6:11  Gateway, Archon x2  
  85  6:12  Probe  
  85  6:13  Gateway  
  85  6:14  Probe, Assimilator  
  85  6:15  Assimilator  
  87  6:22  Probe  
  87  6:23  Gateway  
  87  6:24  Probe  
  89  6:26  Probe  
  90  6:37  Probe x2  
  90  6:38  Immortal  
  96  6:46  Zealot x2  
  100  6:48  Observer  
  100  7:00  Probe  
  101  7:03  Pylon  
  101  7:05  Shield Battery  
  101  7:06  Shield Battery  
  101  7:07  Pylon, Shield Battery  
  101  7:14  Protoss Ground Weapons Level 2 (Chrono Boost)  
  101  7:17  Psionic Storm  
  101  7:21  Phoenix (Chrono Boost)  
  103  7:23  High Templar x2  
  103  7:24  Nexus  
  103  7:25  Probe x2  
  103  7:28  Pylon, High Templar  
  103  7:29  Immortal (Chrono Boost)  
  115  7:40  High Templar  
  117  7:44  Pylon  
  117  7:45  Pylon  
  117  7:47  Pylon  
  117  7:49  Pylon  
  113  7:58  Zealot x4  
  113  7:59  Zealot x2  
  113  8:01  Immortal (Chrono Boost)  
  129  8:16  Nexus  
  129  8:21  Zealot x9  
  129  8:23  Pylon  
  147  8:31  Pylon  
  147  8:39  Immortal  
  147  8:40  Probe  
  148  8:46  Zealot x7  
  156  8:57  Photon Cannon x2  
  156  9:08  Pylon  
  156  9:10  Pylon  
  156  9:12  Pylon  
  156  9:15  High Templar x4  
  164  9:19  Pylon  
  164  9:20  Archon  
  164  9:22  Archon  
  162  9:26  High Templar  
  162  9:27  Zealot x3  
  162  9:29  Pylon  
  170  9:32  Zealot  
  172  9:42  Immortal  
  174  9:52  Zealot x3  
  178  9:55  Zealot x4  
  152  10:14  Archon  
  152  10:16  Zealot x9  
Show
View Real Time Build Order
Export as new Build Order

Denver Zerg 

Build Orders: Hatch First, Roach Hydra 

Get SALT Encoding   

  12  0:00  Drone  
  13  0:12  Overlord  
  13  0:17  Drone  
  14  0:31  Drone  
  15  0:44  Hatchery  
  15  0:48  Drone  
  15  0:52  Drone  
  15  0:55  Drone  
  17  1:00  Drone  
  18  1:12  Extractor  
  18  1:15  Spawning Pool  
  16  1:18  Drone  
  16  1:23  Drone  
  18  1:31  Drone  
  19  1:42  Drone  
  20  1:52  Drone  
  21  2:02  Queen x2  
  21  2:03  Zergling x2  
  21  2:05  Zergling x2  
  27  2:12  Overlord  
  27  2:13  Metabolic Boost  
  27  2:16  Drone  
  28  2:31  Drone x2  
  30  2:39  Hatchery  
  30  2:42  Drone  
  30  2:44  Drone  
  30  2:47  Drone  
  32  2:52  Overlord  
  32  2:55  Drone  
  33  3:00  Pneumatized Carapace  
  33  3:03  Drone  
  34  3:07  Drone  
  34  3:11  Drone x2  
  34  3:12  Drone  
  38  3:16  Overlord  
  38  3:19  Drone  
  39  3:25  Queen  
  41  3:35  Drone x4  
  45  3:44  Drone x7  
  52  3:49  Spore Crawler  
  52  3:51  Overlord  
  52  3:55  Overlord  
  51  4:04  Overlord  
  51  4:08  Spore Crawler  
  50  4:12  Spore Crawler  
  50  4:13  Drone x2, Overlord  
  50  4:16  Drone x4  
  50  4:17  Drone  
  56  4:21  Lair  
  56  4:22  Drone  
  57  4:24  Zergling x2  
  57  4:25  Zergling x2  
  57  4:30  Zergling x2  
  60  4:33  Spore Crawler  
  60  4:38  Drone x2  
  60  4:39  Drone x3  
  60  4:42  Queen  
  60  4:45  Drone x2  
  69  4:49  Drone  
  70  4:53  Queen  
  70  4:55  Drone x2  
  70  4:56  Drone x2  
  70  4:57  Extractor  
  75  5:04  Drone  
  75  5:05  Roach Warren  
  75  5:07  Drone x3  
  75  5:11  Drone  
  75  5:12  Drone x2  
  79  5:18  Queen  
  79  5:19  Drone x2  
  79  5:22  Overlord  
  79  5:27  Overlord  
  79  5:28  Overlord  
  79  5:29  Overseer  
  79  5:33  Extractor  
  79  5:34  Drone x3  
  81  5:36  Extractor, Queen, Evolution Chamber, Overlord  
  81  5:37  Overlord  
  80  5:47  Zergling x4  
  80  5:49  Drone x2  
  84  5:51  Glial Reconstitution, Hatchery  
  84  5:53  Drone x3  
  86  5:59  Roach x3  
  92  6:04  Zerg Melee Weapons Level 1  
  92  6:05  Baneling Nest  
  92  6:06  Drone  
  92  6:08  Roach x4  
  92  6:10  Extractor  
  92  6:11  Extractor  
  98  6:14  Drone x3  
  101  6:24  Overlord  
  101  6:26  Drone x5  
  101  6:28  Overlord  
  101  6:30  Overlord  
  105  6:46  Overlord  
  103  6:48  Centrifical Hooks  
  103  6:49  Drone  
  103  6:50  Hydralisk Den, Drone  
  103  6:51  Overlord  
  103  6:52  Roach x6  
  103  6:53  Queen  
  118  7:00  Roach x5  
  124  7:05  Drone x2  
  124  7:07  Zergling x2  
  124  7:08  Zergling x4  
  129  7:13  Roach  
  131  7:18  Overlord  
  127  7:23  Drone x3  
  129  7:31  Grooved Spines  
  129  7:33  Hydralisk x8  
  129  7:36  Drone  
  129  7:37  Drone x2  
  147  7:39  Drone  
  147  7:43  Drone  
  147  7:44  Drone  
  151  7:45  Drone x2  
  151  7:50  Drone  
  154  7:51  Evolution Chamber  
  154  7:52  Hydralisk x2  
  156  7:59  Zerg Melee Weapons Level 2  
  156  8:00  Hydralisk x3  
  156  8:02  Overlord  
  156  8:03  Overlord  
  162  8:06  Overlord  
  162  8:09  Overlord  
  158  8:13  Hydralisk x3  
  158  8:15  Overlord  
  162  8:21  Zerg Missile Weapons Level 1  
  162  8:27  Zergling x10  
  162  8:31  Hatchery  
  162  8:33  Zergling x2  
  162  8:34  Zergling x12  
  173  8:36  Overlord  
  166  8:42  Muscular Augments  
  157  8:49  Drone x3  
  157  8:51  Hydralisk, Unknown  
  157  8:52  Zergling x18  
  157  8:53  Infestation Pit  
  169  8:59  Zergling x14  
  176  9:08  Zergling x12  
  182  9:12  Overseer  
  182  9:16  Spire  
  181  9:17  Baneling x4  
  181  9:23  Zergling x22  
  191  9:32  Baneling x12  
  191  9:40  Zergling x18, Hydralisk  
  185  9:46  Baneling x10  
  185  9:51  Hydralisk  
  185  9:52  Zergling x12  
  186  9:54  Baneling x4  
  186  9:55  Baneling  
  178  10:00  Baneling x3  
  159  10:11  Zergling x22  

Tags
 
Add a new tag
Caveats
  • Supply blocks, unpowered buildings, or Contaminate may cause inaccurate times.
  • Supply counts are checked every 10 seconds.